[ AOE2 MATCH · #495990293 ]
UnrankedKoreans vs Bohemians
Player's team · WIN
Rival team · LOSS
[ REPLAY ANALYSIS · EXTRACTED FROM THE RECORDED GAME ]
Feudal
8:31
Castle
19:12
Imperial
34:11
| APM avg | 50.3 |
| APM peak | 97 |
| eAPM avg | 24.7 |
| Villagers / military | 155 / 146 |
Focus
⚔️ 37.5% · 🌾 62.5%
Skirmisher ×87 · Fire Lancer ×39 · Bombard Cannon ×7 · Iron Pagoda ×6 · Trebuchet (Packed) ×3 · Monk ×2
Feudal
10:20
Castle
21:14
Imperial
34:52
| APM avg | 42.4 |
| APM peak | 72 |
| eAPM avg | 18.5 |
| Villagers / military | 149 / 81 |
Focus
⚔️ 38.8% · 🌾 61.2%
Skirmisher ×28 · Archer ×21 · Hussite Wagon ×10 · Hand Cannoneer ×7 · Trebuchet (Packed) ×5 · Knight ×3
Match map
Initial resources + every placement click. Lines = walls · curves = elevation contours. ◆ gold · ⬟ stone · ● berries · ✦ relic · ◌ wall gap
Your base· ✓ Closed at 19:12 · 28t walls · 3 gate(s)
Ghosty's base· Open — opponent sealed themselves in
Smoothed initial terrain · ◌ = detected wall gap · hover for details
Inputs per minute
— vuppE - - Ghosty
Build order — vuppE
First 150 of 352 actions detected
| 0:00 | Queue | Villager (Male) ×4 |
| 0:02 | Build | House |
| 0:02 | Build | House |
| 1:27 | Queue | Villager (Male) |
| 1:56 | Queue | Villager (Male) |
| 2:18 | Queue | Villager (Male) |
| 2:20 | Build | Mill |
| 2:43 | Queue | Villager (Male) |
| 3:12 | Queue | Villager (Male) |
| 3:28 | Build | House |
| 3:32 | Queue | Villager (Male) |
| 4:00 | Queue | Villager (Male) |
| 4:00 | Queue | Villager (Male) |
| 4:00 | Queue | Villager (Male) |
| 4:19 | Queue | Villager (Male) |
| 4:19 | Queue | Villager (Male) |
| 5:41 | Research | Loom |
| 5:53 | Build | Lumber Camp |
| 6:21 | Research | Feudal Age |
| 6:22 | Research | Feudal Age |
| 7:01 | Build | House |
| 7:06 | Build | Palisade Wall |
| 7:06 | Build | Palisade Wall |
| 7:25 | Build | Palisade Wall |
| 7:39 | Build | Barracks |
| 8:03 | Queue | Villager (Male) |
| 8:06 | Build | House |
| 8:31 | Age | Feudal Age |
| 8:35 | Build | Archery Range |
| 8:54 | Queue | Villager (Male) |
| 9:14 | Queue | Archer |
| 9:18 | Queue | Villager (Male) |
| 9:28 | Build | Mill |
| 9:39 | Queue | Villager (Male) |
| 9:59 | Build | Mining Camp |
| 10:00 | Queue | Skirmisher |
| 10:04 | Queue | Villager (Male) |
| 10:18 | Queue | Villager (Male) |
| 10:22 | Queue | Skirmisher |
| 10:42 | Build | House |
| 10:49 | Queue | Skirmisher |
| 10:51 | Queue | Villager (Male) |
| 11:05 | Queue | Archer |
| 11:20 | Queue | Villager (Male) |
| 11:21 | Build | Farm |
| 11:22 | Build | Farm |
| 11:44 | Queue | Villager (Male) |
| 11:45 | Build | Farm |
| 11:55 | Build | House |
| 12:01 | Queue | Villager (Male) |
| 12:18 | Queue | Villager (Male) |
| 12:27 | Build | Blacksmith |
| 12:29 | Queue | Villager (Male) |
| 12:50 | Build | Palisade Wall |
| 12:55 | Queue | Villager (Male) |
| 12:57 | Build | Farm |
| 13:07 | Build | Farm |
| 13:14 | Build | House |
| 13:21 | Queue | Villager (Male) |
| 13:31 | Build | Farm |
| 13:42 | Build | Farm |
| 13:47 | Build | Farm |
| 13:58 | Build | House |
| 14:00 | Build | House |
| 14:13 | Build | Farm |
| 14:19 | Queue | Villager (Male) |
| 14:26 | Build | Farm |
| 14:38 | Build | Farm |
| 14:41 | Queue | Villager (Male) |
| 14:59 | Build | Farm |
| 15:03 | Queue | Villager (Male) |
| 15:05 | Build | Palisade Wall |
| 15:14 | Build | Farm |
| 15:23 | Build | House |
| 15:29 | Queue | Villager (Male) |
| 16:00 | Queue | Villager (Male) |
| 16:32 | Research | Castle Age |
| 16:37 | Build | Palisade Wall |
| 17:05 | Build | Palisade Wall |
| 17:11 | Research | Horse Collar |
| 17:12 | Research | Gold Mining |
| 17:26 | Build | Palisade Wall |
| 17:31 | Build | Palisade Gate |
| 17:35 | Build | Palisade Gate |
| 17:45 | Build | House |
| 18:57 | Build | Palisade Gate |
| 19:06 | Queue | Skirmisher |
| 19:12 | Age | Castle Age |
| 19:15 | Queue | Fire Lancer |
| 19:15 | Queue | Villager (Male) |
| 19:20 | Build | Town Center |
| 19:21 | Queue | Villager (Male) |
| 19:24 | Build | Palisade Gate |
| 19:27 | Build | Palisade Wall |
| 19:28 | Build | Palisade Wall |
| 19:33 | Queue | Villager (Male) |
| 19:41 | Queue | Fire Lancer |
| 19:43 | Queue | Villager (Male) |
| 20:03 | Queue | Villager (Male) |
| 20:05 | Build | Siege Workshop |
| 20:10 | Research | Double-Bit Axe |
| 20:12 | Queue | Villager (Male) |
| 20:18 | Queue | Fire Lancer |
| 20:32 | Queue | Iron Pagoda |
| 20:36 | Research | Bow Saw |
| 20:46 | Queue | Villager (Male) |
| 20:48 | Build | Farm |
| 20:50 | Build | Farm |
| 21:01 | Build | Palisade Wall |
| 21:02 | Build | Palisade Wall |
| 21:05 | Queue | Villager (Male) |
| 21:05 | Queue | Villager (Male) |
| 21:21 | Queue | Iron Pagoda |
| 21:23 | Queue | Villager (Male) ×4 |
| 21:34 | Build | House |
| 21:37 | Queue | Villager (Male) |
| 21:55 | Build | Watch Tower |
| 21:57 | Queue | Villager (Male) |
| 21:58 | Queue | Villager (Male) |
| 21:59 | Queue | Iron Pagoda |
| 22:03 | Build | Farm |
| 22:26 | Build | Farm |
| 22:32 | Queue | Iron Pagoda |
| 22:36 | Research | Wheelbarrow |
| 22:54 | Build | Lumber Camp |
| 22:55 | Queue | Villager (Male) |
| 22:55 | Queue | Villager (Male) |
| 23:04 | Build | Farm |
| 23:06 | Queue | Villager (Male) |
| 23:23 | Build | Outpost |
| 24:02 | Queue | Villager (Male) |
| 24:03 | Queue | Villager (Male) |
| 24:08 | Build | Monastery |
| 24:14 | Queue | Fire Lancer |
| 24:19 | Build | Town Center |
| 24:20 | Queue | Villager (Male) |
| 24:20 | Queue | Villager (Male) |
| 24:48 | Build | Farm |
| 24:51 | Queue | Monk |
| 24:58 | Queue | Villager (Male) |
| 24:58 | Queue | Villager (Male) |
| 25:02 | Build | House |
| 25:10 | Build | Farm |
| 25:12 | Build | Farm |
| 25:13 | Build | Farm |
| 25:24 | Build | Lumber Camp |
| 25:30 | Build | Watch Tower |
| 25:33 | Queue | Villager (Male) ×5 |
| 25:36 | Build | Farm |
| 25:37 | Build | Farm |
Build order — Ghosty
First 150 of 384 actions detected
| 0:01 | Queue | Villager (Male) ×4 |
| 0:02 | Build | House |
| 0:03 | Build | House |
| 1:19 | Build | Lumber Camp |
| 1:22 | Queue | Villager (Male) |
| 1:44 | Queue | Villager (Male) |
| 2:07 | Queue | Villager (Male) |
| 2:47 | Queue | Villager (Male) |
| 2:47 | Queue | Villager (Male) |
| 3:10 | Queue | Villager (Male) |
| 3:43 | Queue | Villager (Male) |
| 3:51 | Build | House |
| 3:56 | Queue | Villager (Male) |
| 3:56 | Queue | Villager (Male) |
| 4:21 | Queue | Villager (Male) |
| 4:33 | Build | Barracks |
| 4:35 | Build | Palisade Wall |
| 4:36 | Build | Palisade Wall |
| 4:37 | Build | Palisade Wall |
| 4:45 | Queue | Villager (Male) |
| 4:46 | Queue | Villager (Male) |
| 5:00 | Build | House |
| 5:17 | Queue | Villager (Male) |
| 5:28 | Queue | Villager (Male) |
| 5:34 | Build | Palisade Wall |
| 5:35 | Build | Palisade Wall |
| 5:37 | Queue | Militia |
| 5:37 | Queue | Militia |
| 5:54 | Queue | Villager (Male) |
| 5:58 | Build | Palisade Wall |
| 6:03 | Queue | Militia |
| 6:13 | Build | Mill |
| 6:21 | Build | House |
| 6:26 | Queue | Villager (Male) |
| 7:00 | Queue | Villager (Male) |
| 7:23 | Research | Loom |
| 7:26 | Build | Mill |
| 8:10 | Research | Feudal Age |
| 8:10 | Research | Feudal Age |
| 8:58 | Build | Mining Camp |
| 9:21 | Queue | Villager (Male) |
| 9:51 | Build | House |
| 10:20 | Age | Feudal Age |
| 10:25 | Build | Archery Range |
| 10:29 | Build | Blacksmith |
| 10:39 | Queue | Villager (Male) |
| 10:47 | Queue | Villager (Male) |
| 10:56 | Build | House |
| 10:58 | Build | House |
| 11:08 | Queue | Villager (Male) |
| 11:15 | Queue | Skirmisher |
| 11:15 | Queue | Skirmisher |
| 11:21 | Research | Fletching |
| 11:23 | Build | House |
| 11:27 | Build | Palisade Gate |
| 11:42 | Queue | Villager (Male) |
| 11:45 | Queue | Villager (Male) |
| 11:58 | Queue | Skirmisher |
| 12:00 | Build | Farm |
| 12:02 | Build | Farm |
| 12:06 | Build | Palisade Wall |
| 12:17 | Research | Padded Archer Armor |
| 12:23 | Build | Palisade Wall |
| 12:39 | Build | Farm |
| 12:41 | Build | Farm |
| 13:10 | Queue | Villager (Male) |
| 13:12 | Build | Farm |
| 13:17 | Build | House |
| 13:21 | Build | Farm |
| 13:29 | Build | Farm |
| 13:46 | Build | Farm |
| 13:48 | Queue | Skirmisher |
| 14:02 | Build | Palisade Wall |
| 14:06 | Build | Farm |
| 14:06 | Build | Farm |
| 14:08 | Queue | Villager (Male) |
| 14:08 | Queue | Villager (Male) |
| 14:25 | Build | Farm |
| 14:27 | Queue | Villager (Male) |
| 14:35 | Build | Farm |
| 14:42 | Queue | Skirmisher |
| 14:52 | Queue | Villager (Male) |
| 14:58 | Build | Palisade Wall |
| 15:02 | Queue | Villager (Male) |
| 15:12 | Build | Farm |
| 15:19 | Queue | Skirmisher |
| 15:37 | Research | Double-Bit Axe |
| 15:48 | Queue | Villager (Male) |
| 15:49 | Queue | Villager (Male) |
| 15:54 | Queue | Villager (Male) |
| 16:24 | Queue | Villager (Male) |
| 16:36 | Queue | Villager (Male) |
| 16:38 | Queue | Archer |
| 16:38 | Queue | Archer |
| 16:43 | Build | Farm |
| 16:46 | Build | Farm |
| 16:58 | Build | Market |
| 17:05 | Queue | Villager (Male) |
| 17:16 | Queue | Villager (Male) |
| 17:56 | Queue | Villager (Male) |
| 18:06 | Build | House |
| 18:34 | Research | Castle Age |
| 18:40 | Queue | Archer |
| 18:55 | Research | Horse Collar |
| 19:19 | Queue | Skirmisher |
| 19:44 | Queue | Skirmisher |
| 19:46 | Queue | Skirmisher |
| 20:06 | Queue | Skirmisher |
| 20:10 | Queue | Archer |
| 20:29 | Queue | Villager (Male) |
| 20:33 | Queue | Villager (Male) |
| 20:42 | Queue | Archer |
| 20:51 | Research | Wheelbarrow |
| 21:14 | Age | Castle Age |
| 21:16 | Build | Town Center |
| 21:20 | Research | Crossbowman (upgrade) |
| 21:21 | Research | Bodkin Arrow |
| 21:25 | Research | Bow Saw |
| 21:37 | Queue | Archer |
| 22:06 | Queue | Villager (Male) |
| 22:07 | Queue | Villager (Male) |
| 22:08 | Queue | Villager (Male) |
| 22:22 | Queue | Villager (Male) |
| 22:28 | Build | Stable |
| 22:30 | Queue | Archer |
| 22:37 | Build | University |
| 22:42 | Research | Leather Archer Armor |
| 22:47 | Queue | Villager (Male) |
| 22:54 | Research | Town Watch |
| 23:01 | Queue | Villager (Male) |
| 23:05 | Queue | Archer |
| 23:09 | Queue | Villager (Male) |
| 23:23 | Build | Mining Camp |
| 23:27 | Queue | Villager (Male) |
| 23:33 | Queue | Archer |
| 23:40 | Build | Farm |
| 23:41 | Build | Farm |
| 23:45 | Queue | Villager (Male) |
| 24:09 | Build | Stable |
| 24:14 | Queue | Villager (Male) |
| 24:16 | Research | Scale Barding Armor |
| 24:38 | Queue | Villager (Male) |
| 24:41 | Queue | Villager (Male) |
| 24:44 | Build | Town Center |
| 24:59 | Research | Chemistry |
| 25:00 | Queue | Archer |
| 25:01 | Queue | Archer |
| 25:01 | Queue | Archer |
| 25:10 | Build | Farm |
| 25:12 | Queue | Knight |
Match timeline
| 4:33 | Ghosty · first_building Barracks |
| 4:35 | Ghosty · wall_segment Palisade Wall x1 |
| 4:36 | Ghosty · wall_segment Palisade Wall x1 |
| 4:37 | Ghosty · wall_segment Palisade Wall x1 |
| 5:34 | Ghosty · wall_segment Palisade Wall x1 |
| 5:35 | Ghosty · wall_segment Palisade Wall x1 |
| 5:58 | Ghosty · wall_segment Palisade Wall x1 |
| 7:06 | vuppE · wall_segment Palisade Wall x1 |
| 7:06 | vuppE · wall_segment Palisade Wall x1 |
| 7:25 | vuppE · wall_segment Palisade Wall x8 |
| 7:39 | vuppE · first_building Barracks |
| 8:31 | vuppE · age_up feudal |
| 8:35 | vuppE · first_building Archery Range |
| 10:20 | Ghosty · age_up feudal |
| 10:25 | Ghosty · first_building Archery Range |
| 12:06 | Ghosty · wall_segment Palisade Wall x20 |
| 12:23 | Ghosty · wall_segment Palisade Wall x1 |
| 12:50 | vuppE · wall_segment Palisade Wall x1 |
| 14:02 | Ghosty · wall_segment Palisade Wall x1 |
| 14:58 | Ghosty · wall_segment Palisade Wall x9 |
| 15:05 | vuppE · wall_segment Palisade Wall x8 |
| 16:37 | vuppE · wall_segment Palisade Wall x7 |
| 17:05 | vuppE · wall_segment Palisade Wall x1 |
| 17:26 | vuppE · wall_segment Palisade Wall x1 |
| 18:19 | Ghosty · first_market_buy 100 food |
| 18:29 | Ghosty · first_market_sell 100 wood |
| 19:12 | vuppE · age_up castle |
| 19:27 | vuppE · wall_segment Palisade Wall x1 |
| 19:28 | vuppE · wall_segment Palisade Wall x1 |
| 20:05 | vuppE · first_building Siege Workshop |
| 21:01 | vuppE · wall_segment Palisade Wall x1 |
| 21:02 | vuppE · wall_segment Palisade Wall x1 |
| 21:14 | Ghosty · age_up castle |
| 22:28 | Ghosty · first_building Stable |
| 24:08 | vuppE · first_building Monastery |
| 28:06 | Ghosty · first_building Siege Workshop |
| 29:57 | vuppE · first_building Castle |
| 30:16 | Ghosty · first_building Castle |
| 30:47 | vuppE · first_market_sell 100 wood |
| 32:53 | vuppE · first_market_buy 100 wood |
| 34:11 | vuppE · age_up imperial |
| 34:52 | Ghosty · age_up imperial |
| 37:19 | Ghosty · first_building Monastery |
| 46:33 | Ghosty · resign |
[ AI ANALYSIS · 1 CREDIT ]
What really happened in this match?
Wolo.gg analyzes every decision: build order, eco, micro, common mistakes by bracket. Personalized analysis on WhatsApp or Discord in 30 seconds.
Civ guide
Koreans
Perfil
Jugador #275144